 Dungeon Crawl Stone Soup version 0.31-a0-152-g6aa68a64a1 (webtiles) character file.

Game seed: 5881041391276631089

424 comborobin the Skirmisher (level 6, -8/36 HPs)
             Began as a Deep Elf Delver on June 10, 2023.
             Mangled by Grinder (9 damage)
             ... on level 3 of the Dungeon.
             The game lasted 00:02:49 (1902 turns).

comborobin the Skirmisher (Deep Elf Delver)         Turns: 1902, Time: 00:02:49

Health: -8/36      AC:  5    Str:  9    XL:     6   Next: 64%
Magic:  8/8        EV: 12    Int: 15    God:
Gold:   104        SH:  0    Dex: 18    Spells: 5/5 levels left

rFire   . . .        d - +0 sling (drain)
rCold   . . .        (no shield)
rNeg    . . .        l - +2 leather armour {Will+}
rPois   .            (no helmet)
rElec   .            (no cloak)
rCorr   .            (no gloves)
SInv    .            (no boots)
Will    +....        (no amulet)
Stlth   +++          (no ring)
HPRegen 0.26/turn    (no ring)
MPRegen 0.11/turn

%: no passive effects
@: attractive, hasted, very quick
A: no striking features
a: no special abilities


You were on level 3 of the Dungeon.
You visited 1 branch of the dungeon, and saw 5 of its levels.

You collected 104 gold pieces.

Inventory:

Hand Weapons
 a - a +0 short sword
 d - a +0 sling of draining (weapon)
Armour
 b - a +0 leather armour
 l - a +2 leather armour of willpower (worn)
Jewellery
 e - an amulet of reflection
 i - an amulet of regeneration
Wands
 g - a wand of digging (3)
Scrolls
 c - a scroll of fog
 f - a scroll of magic mapping
 k - a scroll of noise
Potions
 j - a potion of attraction


   Skills:
 - Level 2.4 Fighting
 - Level 2.0 Short Blades
 + Level 9.0 Ranged Weapons
 - Level 2.4 Dodging
 - Level 6.0 Stealth


You had 5 spell levels left.
You didn't know any spells.
Your spell library contained the following spells:

 Spells                   Type           Power      Damage    Failure   Level
 Animate Armour           Summ/Erth      0%         N/A       98%         4
 Summon Lightning Spire   Summ/Air       0%         N/A       98%         4
 Blade Hands              Tmut           0%         N/A       100%        5


Dungeon Overview and Level Annotations

Branches:
Dungeon (6/15)
 Temple: D:4-7

Altars:
Cheibriados
Wu Jian
Yredelemnul
Zin
The Shining One

Shops:
D:3 :

Annotations:
D:3 Grinder
D:4 2 transporters, TrollFarmer's ghost, amateur MfSu


Message History

Unknown command.
Unknown command.
Unknown command.
Fire: d) +0 sling (drain)
Press: ? - help, Q - select action Shift-Dir - straight line, f/p - Grinder
Aim: Grinder, carrying a wand of flame (7) (moderately wounded, 61% to hit)
You shoot a sling bullet. The sling bullet hits Grinder.
Grinder is heavily wounded.
Unknown command.
Unknown command.
Fire: d) +0 sling (drain)
Press: ? - help, Q - select action Shift-Dir - straight line, f/p - Grinder
Aim: Grinder, carrying a wand of flame (7) (heavily wounded, 61% to hit)
You shoot a sling bullet.
The sling bullet closely misses Grinder.
Grinder misses you.
Unknown command.
Fire: d) +0 sling (drain)
Press: ? - help, Q - select action Shift-Dir - straight line, f/p - Grinder
Aim: Grinder, carrying a wand of flame (7) (heavily wounded, 61% to hit)
You shoot a sling bullet.
The sling bullet hits Grinder but does no damage.
Grinder is heavily wounded.
Grinder gestures at you. Pain shoots through your body!
* * * LOW HITPOINT WARNING * * *
Unknown command.
Fire: d) +0 sling (drain)
Press: ? - help, Q - select action Shift-Dir - straight line, f/p - Grinder
Aim: Grinder, carrying a wand of flame (7) (heavily wounded, 61% to hit)
You shoot a sling bullet. The sling bullet barely misses Grinder.
Unknown command.
Unknown command.
Fire: d) +0 sling (drain)
Press: ? - help, Q - select action Shift-Dir - straight line, f/p - Grinder
Aim: Grinder, carrying a wand of flame (7) (heavily wounded, 61% to hit)
You shoot a sling bullet.
The sling bullet closely misses Grinder.
Grinder hits you!
You die...

........# #.............#
#######.# ##.#######.###.#
#######.#######.........#.##.##
......†..........#####.###....###
#.#..............# #.## ##......
...###...........#####.###....##.
#......#####.......# #..#.##.###.
#..###.# #.#..>#>###.#.###.# #.
#..# #.# #....@5)....#.###.# #.
#..# #.# #.#...............# #.
#..# #.#####.#...........##### #.
#.)###..................## #.
........######.###.####.# #.
##.###### #.##..# #.# #. ...#
#.##.## #.# #. #### #.##.# #.# #.
# #.##.# #.# #.


You could see Grinder.

Vanquished Creatures
  An ogre (D:4)
  A scorpion (D:5)
  A water moccasin zombie (D:4)
  A jelly (D:4)
  2 iguanas (D:4)
  A scorpion zombie (D:4)
  3 gnolls
  6 adders
  2 worms
  A dart slug (D:4)
  An endoplasm (D:4)
  2 giant cockroaches (D:3)
  5 goblins
  2 hobgoblins
  3 kobolds
  2 quokkas (D:4)
  A ball python (D:3)
  A frilled lizard (D:3)
36 creatures vanquished.

Notes
Turn   | Place    | Note
-------+----------+-------------------------------------------
     0 | D:5      | comborobin the Deep Elf Delver began the quest for the Orb.
     0 | D:5      | Reached XP level 1. HP: 13/13 MP: 3/3
    23 | D:6      | Noticed a gnoll bouda
    64 | D:5      | Noticed a scorpion
    75 | D:5      | Killed a scorpion
    76 | D:5      | Reached skill level 4 in Ranged Weapons
    76 | D:5      | Reached XP level 2. HP: 12/18 MP: 4/4
    76 | D:5      | Reached XP level 3. HP: 15/22 MP: 5/5
   227 | D:3      | Reached XP level 4. HP: 27/27 MP: 6/6
   255 | D:3      | Reached skill level 5 in Ranged Weapons
   366 | D:3      | Found Seextiv's Book Shop.
  1115 | D:4      | Found a transporter.
  1274 | D:4      | Reached skill level 6 in Ranged Weapons
  1274 | D:4      | Reached XP level 5. HP: 31/31 MP: 7/7
  1324 | D:4      | Noticed an ogre
  1326 | D:4      | Noticed TrollFarmer's ghost (amateur MfSu)
  1377 | D:4      | Reached skill level 7 in Ranged Weapons
  1557 | D:4      | Killed an ogre
  1558 | D:4      | Reached skill level 8 in Ranged Weapons
  1558 | D:4      | Reached XP level 6. HP: 36/36 MP: 8/8
  1663 | D:4      | Found a basalt altar of Yredelemnul.
  1700 | D:4      | Found a faded altar of an unknown god.
  1700 | D:4      | Found a snail-covered altar of Cheibriados.
  1713 | D:4      | Found an ornate altar of the Wu Jian Council.
  1715 | D:4      | Found a glowing golden altar of the Shining One.
  1717 | D:4      | Found a glowing silver altar of Zin.
  1749 | D:4      | Found a transporter.
  1860 | D:4      | Noticed Grinder
  1892 | D:3      | Reached skill level 9 in Ranged Weapons
  1899 | D:3      | HP: 1/36 [Grinder/nerve-wracking pain (11)]
  1902 | D:3      | Mangled by Grinder

Illustrated notes

Levels and vault maps discovered:
D:2:      layout_basic, chequers_arboretum, uniq_terence
D:3:      layout_loops_ring, serial_shops, shop, kennysheep_generic_room_4
D:4:      layout_rooms, chequers_temple_overflow_minitemple,
          lemuel_zombie_altar_yredelemnul, minmay_temple_entry_statues,
          gammafunk_ghost_arena, uniq_grinder
D:5:      layout_loops_ring, kennysheep_mini_moat, nicolae_ossuary_entry_giza,
          uniq_crazy_yiuf_cottage
D:6:      nicolae_cairo_tiling_very_big, layout_loops_ring,
          nicolae_overflow_crystal_walls, serial_shops,
          nicolae_shop_pleasant_corner_grove

Skill      XL: |  1  2  3  4  5  6 |
---------------+-------------------+-----
Ranged Weapons | 4 6 8 9 |  9.0
Fighting       | |  2.4
Short Blades   | |  2.0
Dodging        | |  2.4
Stealth        | |  6.0

Action                     |  1- 3 |  4- 6 || total
---------------------------+-------+-------++-------
  Melee: Short sword       |    19 |       ||    19
   Fire: Sling             |     4 |   155 ||   159
    Use: Scroll            |     2 |     3 ||     5
         Potion            |     1 |     2 ||     3
   Stab: Sleeping          |     1 |       ||     1
 Armour: Leather armour    |     6 |    26 ||    32
  Dodge: Dodged            |    11 |    31 ||    42

Table legend: (Time is in decaauts)
 A = Elapsed time spent in this place.
 B = Non-inter-level travel time spent in this place.
 C = Inter-level travel time spent in this place.
 D = Time resting spent in this place.
 E = Time spent auto-exploring this place.
 F = Levels seen in this place.
 G = Mean time per level.
                   A        B        C        D        E       F      G
               +--------+--------+--------+--------+--------+-----+--------+
         Total |   1887 |   1760 |    127 |    550 |    852 |   5 |  377.4 |
       Dungeon |   1887 |   1760 |    127 |    550 |    852 |   5 |  377.4 |
               +--------+--------+--------+--------+--------+-----+--------+

Top non-repeatable levels by time:
     D:3: 987 daAuts
     D:4: 688 daAuts
     D:5: 100 daAuts
     D:2: 69 daAuts
     D:6: 41 daAuts
